 Dungeon Crawl Stone Soup version 0.16-a0-623-g20b2139 (webtiles) character file.

255 Foahim the Sneak (level 5, 0/36 HPs)
             Began as a Vampire Enchanter on Sept 18, 2014.
             Was an Initiate of Dithmenos.
             Shot with an arrow by a centaur (11 damage)
             ... on Level 5 of the Dungeon.
             The game lasted 00:18:38 (2356 turns).

Foahim the Sneak (Vampire Enchanter)                Turns: 2356, Time: 00:18:38

HP   0/36        AC  3     Str  7      XL: 5   Next: 91%
MP  10/10        EV 13     Int 17      God: Dithmenos [......]
Gold 214         SH  0     Dex 15      Spells:  3 memorised,  4 levels left

rFire  . . .     SeeInvis +     a - +1 dagger
rCold  . . .     Clarity  .     b - +1 robe
rNeg   + . .     rCorr    .     (no shield)
rPois  .         rRot     .     (no helmet)
rElec  .         Spirit   .     (no cloak)
SustAb .         Warding  .     (no gloves)
rMut   .         Stasis   .     (no boots)
Gourm  .                        (no amulet)
MR     .....                    (no ring)
                                p - +1 ring of slaying

@: not resistant to hostile enchantments, stealthy
A: fangs 3, see invisible, unbreathing
a: Bat Form, Renounce Religion


You were on level 5 of the Dungeon.
You worshipped Dithmenos.
Dithmenos was noncommittal.
You were not thirsty.

You visited 1 branch of the dungeon, and saw 6 of its levels.

You collected 214 gold pieces.

Inventory:

Hand weapons
 a - a +1 dagger (weapon)
Armour
 b - a +1 robe (worn)
Scrolls
 e - 4 scrolls of identify
 g - 2 scrolls of blinking {unknown}
 h - 2 scrolls of amnesia {unknown}
 i - a scroll of fear {unknown}
 j - 5 scrolls of remove curse {unknown}
 l - a scroll of magic mapping {unknown}
 m - a scroll of recharging {unknown}
 n - 2 scrolls of teleportation {unknown}
 o - 2 scrolls of noise {unknown}
Jewellery
 p - a +1 ring of slaying (left hand)
Potions
 d - a potion of coagulated blood
 f - a potion of heal wounds
 k - 2 potions of curing {unknown}
 q - a potion of mutation {unknown}
 r - a potion of flight {unknown}
Books
 c - a book of Maledictions

   Spells                             Type                      Level
   *Corona                            Hexes                        1
   *Sure Blade                        Hexes/Charms                 2
   *Ensorcelled Hibernation           Hexes/Ice                    2
   Confuse                            Hexes                        3
   Dazzling Spray                     Conjuration/Hexes            3
   Enslavement                        Hexes                        4


   Skills:
 + Level 0.6 Fighting
 + Level 1.8 Short Blades
 + Level 3.4 Dodging
 + Level 6.6 Stealth
 + Level 2.9 Spellcasting
 + Level 5.8 Hexes
 + Level 0.4 Charms
 + Level 1.0 Ice Magic


You had 4 spell levels left.
You knew the following spells:

 Your Spells              Type           Power        Failure   Level  Hunger
a - Corona                Hex            ###....      1%          1    #......
b - Sure Blade            Hex/Chrm       ##........   10%         2    ##.....
c - Ensorcelled Hibernat  Hex/Ice        ##....       10%         2    ##.....


Dungeon Overview and Level Annotations

Branches:
Dungeon (6/15)
 Temple: D:4-7

Altars:
Dithmenos
Gozag
Kikubaaqudgha
Trog
Xom


Innate Abilities, Weirdness & Mutations

You have razor-sharp teeth.
You have supernaturally acute eyesight.
You can survive without breathing.


Message History

The helpless adder fails to defend itself.
You impale the adder!!
You kill the adder!
Dithmenos accepts your kill.
You see here an adder corpse.
You see here an adder corpse.
Drink blood from an adder corpse? (ye/n/q/i?) This blood tastes delicious!
You feel quite a bit less thirsty.
You continue drinking.
You finish drinking.
There is a stone staircase leading up here.
You climb upwards.
There is a stone staircase leading down here.
A centaur comes into view.
The centaur shouts!
The centaur wields a shortbow.
The centaur shoots an arrow.
The arrow hits you.
Found 7 gold pieces.
Found an opulent altar of Gozag.
You see here an arrow.
The centaur shoots an arrow.
The arrow hits you!
You die...

#............##.#
# #..>........ #.
#.#.#...##..
..#.##.#.#...##
..............#.#
.................
..#.##.......##.#
..#.##..##...#
.........(@...#
...###..#....# .
..........#
..c.........#
............#
#####.#.#$$$#
#.#.#$_$.
#.#.#$$$ ....


You could see a centaur.

Vanquished Creatures
  An ogre (D:4)
  An orc wizard (D:4)
  6 adders
  3 giant mites
  3 worms (D:3)
  2 orcs (D:3)
  A bat skeleton (D:6)
  3 giant cockroaches
  3 goblins
  7 hobgoblins
  4 jackals
  8 kobolds
  A ball python (D:1)
  7 bats
  5 giant newts
  7 rats
62 creatures vanquished.

Vanquished Creatures (others)
  A goblin (D:6)
  A giant spore (D:6)
2 creatures vanquished.

Grand Total: 64 creatures vanquished

Notes
Turn   | Place    | Note
--------------------------------------------------------------
     0 | D:1      | Foahim, the Vampire Enchanter, began the quest for the Orb.
     0 | D:1      | Reached XP level 1. HP: 13/13 MP: 3/3
   216 | D:1      | Reached XP level 2. HP: 19/19 MP: 4/4
   308 | D:1      | Reached skill level 5 in Stealth
   627 | D:2      | Learned a level 2 spell: Sure Blade
   630 | D:2      | Learned a level 2 spell: Ensorcelled Hibernation
   633 | D:2      | Reached skill level 5 in Hexes
   633 | D:2      | Reached XP level 3. HP: 18/24 MP: 0/6
  1000 | D:2      | Reached XP level 4. HP: 30/30 MP: 8/8
  1440 | D:3      | Found a shadowy altar of Dithmenos.
  1543 | D:3      | Became a worshipper of Dithmenos the Shadowed
  1879 | D:3      | Reached skill level 6 in Stealth
  1903 | D:3      | Found a bloodstained altar of Trog.
  1911 | D:3      | Found an ancient bone altar of Kikubaaqudgha.
  2081 | D:4      | Reached XP level 5. HP: 36/36 MP: 9/9
  2228 | D:4      | Noticed an ogre
  2231 | D:4      | Killed an ogre
  2266 | D:4      | Found a shimmering altar of Xom.
  2272 | D:4      | You fall through a shaft for 2 floors!
  2314 | D:6      | Reached skill level 1 in Ice Magic
  2325 | D:6      | Noticed a troll
  2348 | D:5      | Entered Level 5 of the Dungeon
  2355 | D:5      | Found an opulent altar of Gozag.
  2355 | D:5      | Noticed a centaur
  2356 | D:5      | Shot with an arrow by a centaur

Action                   |  1- 3 |  4- 6 || total
-------------------------+-------+-------++-------
Melee: Dagger            |   105 |    99 ||   204
 Cast: Corona            |     7 |     5 ||    12
       Ensorcelled Hiber |     1 |    18 ||    19
       Sure Blade        |     1 |     4 ||     5
  Use: Scroll            |       |     1 ||     1
       Potion            |       |     1 ||     1
 Stab: Sleeping          |     9 |    13 ||    22
  Eat: Corpse            |     2 |     2 ||     4
